 Dungeon Crawl Stone Soup version 0.30.0-18-gc0e69614cb (webtiles) character file.

Game seed: 16560958105662035967

791 Irreverend the Digger (level 7, -4/36 HPs)
             Began as a Gargoyle Earth Elementalist on May 25, 2023.
             Slain by an ice beast (14 damage)
             ... on level 6 of the Dungeon.
             The game lasted 00:07:44 (4467 turns).

Irreverend the Digger (Gargoyle Earth Elementalist) Turns: 4467, Time: 00:07:44

Health: -4/36      AC: 10    Str: 11    XL:     7   Next: 88%
Magic:  0/13       EV: 12    Int: 18    God:
Gold:   293        SH:  0    Dex: 10    Spells: 8/14 levels left

rFire   . . .        i - +0 dagger (venom)
rCold   . . .        (no shield)
rNeg    + . .        a - +0 robe
rPois   ∞            (no helmet)
rElec   +            A - +0 cloak
rCorr   .            (no gloves)
SInv    .            y - +2 pair of boots
Will    .....        (no amulet)
Stlth   ++           (no ring)
HPRegen 0.26/turn    (no ring)
MPRegen 0.13/turn

%: no passive effects
@: very slightly contaminated
A: sickness immunity, AC +4, negative energy resistance 1, electricity
resistance, torment resistance 1, petrification resistance
a: no special abilities


You were on level 6 of the Dungeon.
You visited 1 branch of the dungeon, and saw 6 of its levels.

You collected 293 gold pieces.

Inventory:

Hand Weapons
 f - a +0 dagger
 i - a +0 dagger of venom (weapon)
Armour
 a - a +0 robe (worn)
 y - a +2 pair of boots (worn)
 A - a +0 cloak (worn)
Jewellery
 k - a ring of ice
Wands
 l - a wand of polymorph (19)
 m - a wand of light (16)
 C - a wand of digging (5)
Scrolls
 c - a scroll of teleportation {unknown}
 d - 4 scrolls of identify {unknown}
 e - a scroll of summoning {unknown}
 g - a scroll of amnesia {unknown}
 p - a scroll of poison {unknown}
 s - a scroll of fear {unknown}
 v - a scroll of brand weapon {unknown}
 w - a scroll of vulnerability {unknown}
 B - a scroll of magic mapping {unknown}
Potions
 b - a potion of magic
 h - 2 potions of mutation {unknown}
 j - a potion of brilliance {unknown}
 n - 2 potions of degeneration {unknown}
 o - a potion of resistance {unknown}
 q - a potion of lignification {unknown}
 r - a potion of flight {unknown}
 t - a potion of attraction {unknown}
 u - 2 potions of curing {unknown}
 x - a potion of ambrosia {unknown}
 z - a potion of might {unknown}


   Skills:
 + Level 3.5 Dodging
 - Level 2.1 Stealth
 + Level 4.0 Spellcasting
 + Level 3.5 Conjurations
 - Level 0.7 Transmutations
 * Level 7.5 Earth Magic


You had 8 spell levels left.
You knew the following spells:

 Your Spells              Type           Power      Damage    Failure   Level
a - Sandblast             Erth           60%        2d14      1%          1
b - Stone Arrow           Conj/Erth      46%        3d9       4%          3
c - Passwall              Tmut/Erth      15%        N/A       4%          2

Your spell library contained the following spells:

 Spells                   Type           Power      Damage    Failure   Level
 Static Discharge         Conj/Air       18%        2-3/arc   11%         2
 Necrotise                Necr           12%        1d4       14%         1
 Petrify                  Tmut/Erth      18%        N/A       26%         4
 Vampiric Draining        Necr           3%         2d6       41%         3
 Airstrike                Air            1%         2d(1-17)  82%         4
 Summon Lightning Spire   Summ/Air       3%         N/A       82%         4
 Agony                    Necr           3%         N/A       99%         5


Dungeon Overview and Level Annotations

Branches:
Dungeon (6/15)
 Temple: D:4-7

Altars:
Kikubaaqudgha
Makhleb
Okawaru
Ru
Trog
Xom

Annotations:
D:5 2 runed translucent doors, BlasphemerAmon's ghost, amateur TrNe


Innate Abilities, Weirdness & Mutations

You are immune to sickness and miasma.
Your stone body is resilient. (AC +4)
You are immune to poison.
You resist negative energy. (rN+)
You are resistant to electric shocks. (rElec)
You are resistant to unholy torment.
You are immune to petrification.


Message History

Confirm with . or Enter, or press ? or * to list all spells.
Aiming: Stone Arrow (dangerous; 4% risk of failure)
Press: ? - help, Shift-Dir - straight line, f/p - ice beast
Aim: an ice beast (71% to hit)
You miscast Stone Arrow.
You are very lightly contaminated with residual magic.
Nothing appears to happen.
Casting: Stone Arrow (dangerous; 4% risk of failure)
Confirm with . or Enter, or press ? or * to list all spells.
Aiming: Sandblast (safe; 1% risk of failure)
Press: ? - help, Shift-Dir - straight line, f/p - ice beast
Aim: an ice beast (84% to hit)
The blast of sand hits the ice beast.
The ice beast is moderately wounded.
Casting: Sandblast (safe; 1% risk of failure)
Confirm with . or Enter, or press ? or * to list all spells.
Aiming: Stone Arrow (dangerous; 4% risk of failure)
Press: ? - help, Shift-Dir - straight line, f/p - ice beast
Aim: an ice beast (moderately wounded, 71% to hit)
The stone arrow hits the ice beast!
The ice beast is severely wounded.
The ice beast hits you but does no damage.
Casting: Stone Arrow (dangerous; 4% risk of failure)
Confirm with . or Enter, or press ? or * to list all spells.
Aiming: Stone Arrow (dangerous; 4% risk of failure)
Press: ? - help, Shift-Dir - straight line, f/p - ice beast
Aim: an ice beast (severely wounded, 71% to hit)
The stone arrow misses the ice beast.
The ice beast hits you but does no damage.
You hit the ice beast but do no damage.
The ice beast is poisoned.
The ice beast is severely wounded.
The ice beast hits you. The ice beast freezes you!
You hit the ice beast but do no damage.
The ice beast looks even sicker.
Your punch misses the ice beast.
The ice beast is severely wounded.
The ice beast hits you. The ice beast freezes you!
The ice beast attacks as you move away! The ice beast hits you.
* * * LOW HITPOINT WARNING * * *
The ice beast freezes you!
You die...

. ## ## .#
##.###.####.
...?....#..
..........#
#.........##
#..Y.#..#
##@...###.
##.........
####......>...
#......##.....
###..#.###
...## #...#..#
.## ###...## #
##..## ..
#...##...


You could see an ice beast (very poisoned).

Vanquished Creatures
  Sigmund (D:2)
  Edmund (D:5)
  The ghost of BlasphemerAmon the Grave Robber, an amateur DsNe of Lugonu (D:4)
  A bullfrog (D:6)
  2 hounds
  2 iguanas
  4 gnolls (D:5)
  10 adders
  A shadow imp (D:5)
  An ufetubus (D:4)
  3 worms (D:2)
  A dart slug (D:3)
  7 orcs
  5 endoplasms
  2 giant cockroaches
  7 goblins
  5 hobgoblins
  4 jackals (D:1)
  8 kobolds
  4 quokkas
  4 ball pythons
  A bat (D:2)
  A frilled lizard (D:3)
  3 rats
79 creatures vanquished.

Notes
Turn   | Place    | Note
-------+----------+-------------------------------------------
     0 | D:1      | Irreverend the Gargoyle Earth Elementalist began the quest
                  | for the Orb.
     0 | D:1      | Reached XP level 1. HP: 10/10 MP: 3/3
   217 | D:1      | Reached skill level 4 in Earth Magic
   217 | D:1      | Reached XP level 2. HP: 15/15 MP: 1/5
   615 | D:1      | Reached XP level 3. HP: 19/19 MP: 4/6
   925 | D:2      | Learned a level 3 spell: Stone Arrow
  1205 | D:2      | Reached XP level 4. HP: 24/24 MP: 4/7
  1535 | D:2      | Noticed Sigmund
  1543 | D:2      | Killed Sigmund
  1544 | D:2      | Reached skill level 5 in Earth Magic
  1544 | D:2      | Reached XP level 5. HP: 26/28 MP: 4/9
  1544 | D:2      | Reached XP level 6. HP: 29/32 MP: 4/10
  1602 | D:2      | You fall into a shaft and drop 2 floors!
  1615 | D:4      | Reached skill level 6 in Earth Magic
  1622 | D:4      | Learned a level 2 spell: Passwall
  1804 | D:4      | Found a runed translucent door.
  1810 | D:4      | Noticed BlasphemerAmon's ghost (amateur DsNe)
  1827 | D:4      | Found a shimmering altar of Xom.
  1855 | D:4      | Killed BlasphemerAmon's ghost
  1945 | D:4      | Reached XP level 7. HP: 36/36 MP: 9/12
  2142 | D:3      | Found a bloodstained altar of Trog.
  2142 | D:3      | Found a burning altar of Makhleb.
  2144 | D:3      | Found an iron altar of Okawaru.
  2144 | D:3      | Found an ancient bone altar of Kikubaaqudgha.
  3060 | D:4      | Found a sacrificial altar of Ru.
  3547 | D:5      | Entered Level 5 of the Dungeon
  3792 | D:5      | Reached skill level 7 in Earth Magic
  3998 | D:5      | Found a large runed translucent door.
  3998 | D:5      | Found a large runed translucent door.
  4010 | D:5      | Noticed BlasphemerAmon's ghost (amateur TrNe)
  4204 | D:5      | Noticed Edmund
  4214 | D:5      | Killed Edmund
  4467 | D:6      | Slain by an ice beast

Illustrated notes

Levels and vault maps discovered:
D:1:      lightli_arrival_boilingwater, layout_loops_ring
D:2:      layout_loops_ring, serial_shops, shop, uniq_sigmund
D:3:      layout_basic, chequers_temple_overflow_statue_of_worship,
          dk_noncrumbling_3, dreamdust_wishing_well
D:4:      layout_loops_ring, nicolae_overflow_squiral, ebering_ghost_sewer_d
D:5:      layout_rooms, ebering_ghost_disaster_area, palyth_stone_intersect,
          uniq_edmund
D:6:      layout_layer_cave, minmay_temple_entry_antechambers,
          grunt_decor_fettered, uniq_blork_the_orc

Skill      XL: |  1  2  3  4  5  6  7 |
---------------+----------------------+-----
Earth Magic    | 4 5 6 7 |  7.5
Dodging        | 2 3 |  3.5
Spellcasting   | 3 4 |  4.0
Conjurations   | 2 3 |  3.5
Stealth        | |  2.1
Transmutations | |  0.7

Action                     |  1- 3 |  4- 6 |  7- 9 || total
---------------------------+-------+-------+-------++-------
  Melee: Unarmed           |    32 |       |       ||    32
         Dagger            |       |     1 |    37 ||    38
   Cast: Sandblast         |    42 |    26 |    22 ||    90
         Stone Arrow       |       |     4 |    24 ||    28
 Armour: Robe              |    18 |     7 |    24 ||    49
  Dodge: Dodged            |    31 |     5 |    22 ||    58
